 Dungeon Crawl Stone Soup version 0.28.0-43-g3370ac3207 (webtiles) character file.

Game seed: 14160046822232414960

3572 Ablot the Magician (level 10, -2/77 HPs)
             Began as a Gnoll Warper on Mar 27, 2022.
             Was a Priest of Okawaru.
             Slain by Joseph
             ... wielding a +0 vorpal quarterstaff
              (9 damage)
             ... on level 7 of the Dungeon.
             The game lasted 00:15:12 (9739 turns).

Ablot the Magician (Gnoll Warper)                   Turns: 9739, Time: 00:15:12

Health: -2/77      AC: 10    Str: 14    XL:     10   Next: 9%
Magic:  20/20      EV: 13    Int: 12    God:    Okawaru [***...]
Gold:   234        SH:  0    Dex: 13    Spells: 18/23 levels left

rFire   + . .      SeeInvis .   a - +0 trident
rCold   . . .      Faith    .   (no shield)
rNeg    . . .      Spirit   .   t - +0 ring mail {rF+}
rPois   .          Reflect  .   s - +0 helmet
rElec   .          Harm     .   (no cloak)
rCorr   .          Rampage  .   r - +2 pair of gloves
Will    .....                   (no boots)
Stlth   ++........              (no amulet)
HPRegen 0.22/turn               f - +4 ring of slaying
MPRegen 0.17/turn               (no ring)

@: no status effects
A: fangs 1, strong nose, distributed training
a: Renounce Religion, Heroism


You were on level 7 of the Dungeon.
You worshipped Okawaru.
Okawaru was most pleased with you.
You visited 2 branches of the dungeon, and saw 8 of its levels.

You collected 234 gold pieces.

Inventory:

Hand Weapons
 a - a +0 trident (weapon)
 F - a +3 hunting sling
Missiles
 d - 5 boomerangs of dispersal
 e - a boomerang
 g - 113 arrows
 h - 147 stones
 u - 4 atropa-tipped darts
 v - 54 bolts
 y - 8 poisoned darts (quivered)
 C - 55 sling bullets
Armour
 r - a +2 pair of gloves (worn)
 s - a +0 helmet (worn)
 t - a +0 ring mail of fire resistance (worn)
Magical Staves
 k - a staff of cold
Jewellery
 f - a +4 ring of slaying (left hand)
Wands
 B - a wand of digging (11)
 E - a wand of mindburst (11)
 G - a wand of iceblast (17)
 H - a wand of flame (21)
 I - a wand of polymorph (20)
Scrolls
 c - a scroll of blinking
 i - 2 scrolls of vulnerability {unknown}
 j - a scroll of identify
 l - a scroll of enchant weapon {unknown}
 o - a scroll of magic mapping {unknown}
 p - 3 scrolls of teleportation {unknown}
 x - a scroll of amnesia {unknown}
Potions
 m - 2 potions of flight
 n - a potion of ambrosia
 q - a potion of brilliance
 w - 6 potions of curing
 z - a potion of haste
 A - a potion of attraction


   Skills:
 + Level 6.8 Fighting
 + Level 4.9 Short Blades
 + Level 4.9 Long Blades
 + Level 4.9 Axes
 + Level 4.9 Maces & Flails
 + Level 6.8 Polearms
 + Level 4.9 Staves
 + Level 4.9 Slings
 + Level 4.9 Bows
 + Level 4.9 Crossbows
 + Level 5.6 Throwing
 + Level 5.6 Armour
 + Level 6.8 Dodging
 + Level 4.9 Stealth
 + Level 4.9 Shields
 + Level 4.9 Unarmed Combat
 + Level 7.1 Spellcasting
 + Level 4.1 Conjurations
 + Level 4.1 Hexes
 + Level 4.1 Summonings
 + Level 4.1 Necromancy
 + Level 6.9 Translocations
 + Level 4.1 Transmutations
 + Level 4.1 Fire Magic
 + Level 4.1 Ice Magic
 + Level 4.1 Air Magic
 + Level 4.1 Earth Magic
 + Level 4.1 Poison Magic
 + Level 5.4 Invocations
 + Level 4.9 Evocations


You had 18 spell levels left.
You knew the following spells:

 Your Spells              Type           Power      Damage    Failure   Level
a - Blink                 Tloc           40%        N/A       2%          2
b - Poisonous Vapours     Pois/Air       28%        N/A       9%          2
c - Freeze                Ice            56%        1d7       6%          1

Your spell library contained the following spells:

 Spells                   Type           Power      Damage    Failure   Level
 Gell's Gravitas          Tloc           20%        N/A       5%          3
 Lesser Beckoning         Tloc           20%        N/A       5%          3
 Teleport Other           Tloc           20%        N/A       5%          3
 Corpse Rot               Necr/Air       28%        N/A       9%          2
 Frozen Ramparts          Ice            28%        1d4       17%         3
 Manifold Assault         Tloc           20%        N/A       45%         5
 Hailstorm                Conj/Ice       14%        3d5       50%         4
 Summon Small Mammal      Summ           Unusable   N/A       N/A         1
 Call Canine Familiar     Summ           Unusable   N/A       N/A         3
 Summon Guardian Golem    Hex/Summ       Unusable   N/A       N/A         3

Dungeon Overview and Level Annotations

Branches:
Dungeon (7/15)             Temple (1/1) D:4

Altars:
Ashenzari
Dithmenos
Elyvilon
Fedhas
Gozag
Hepliaklqana
Kikubaaqudgha
Okawaru
Qazlal
Ru
Sif Muna
Trog
Vehumet
Xom
Yredelemnul
Zin
The Shining One

Shops:
D:1 [=   D:4 [

Annotations:
D:7 Joseph


Innate Abilities, Weirdness & Mutations

You have very sharp teeth.
Your uncanny sense of smell can sniff out nearby items.
Your experience applies equally to all skills.


Message History

Joseph looks as sick as possible!
Joseph shoots a sling bullet.
The sling bullet hits you!! The sling bullet freezes you.
Joseph shoots a sling bullet.
The sling bullet barely misses you.
You see here 26 stones.
Joseph unwields a +6 hunting sling of freezing.
Joseph wields a +0 vorpal quarterstaff.
Joseph hits you with a +0 vorpal quarterstaff.
You barely miss Joseph.
Joseph is lightly wounded.
Joseph hits you with a +0 vorpal quarterstaff!
You puncture Joseph!
Joseph is lightly wounded.
Joseph hits you with a +0 vorpal quarterstaff.
You barely miss Joseph.
Joseph is lightly wounded.
Joseph hits you with a +0 vorpal quarterstaff!
* * * LOW HITPOINT WARNING * * *
x2 It was a potion of heal wounds.
You feel much better. Joseph misses you.
Unknown command.
You closely miss Joseph.
Joseph is lightly wounded.
Joseph hits you with a +0 vorpal quarterstaff.
You hit Joseph.
Joseph is lightly wounded.
Joseph hits you but does no damage.
You hit Joseph but do no damage. You punch Joseph.
Joseph is lightly wounded.
Joseph hits you with a +0 vorpal quarterstaff.
You closely miss Joseph. You bite Joseph, but do no damage.
Joseph is moderately wounded.
Joseph completely misses you.
You puncture Joseph!
Joseph is moderately wounded.
Joseph hits you with a +0 vorpal quarterstaff!
* * * LOW HITPOINT WARNING * * *
x2 Unknown command.
It was a potion of cancellation.
You feel magically purged.
Joseph hits you with a +0 vorpal quarterstaff!
You die...

#.......##.## #!#
##########.# #.# #.####.#
#......# #.######
########## #.#######
#........# #.##.....
#.######(# #.##.####
#.#### #@########.##.#
#.##.....@.........#.####
#.##.###.######...<).....
#.##.# #.# ##..)#)####
#.##.###.# ##.##.....
#........#### #.#######
####........# #.#
#..#####.# ##+## #..###
#.# ##...##


You could see Joseph (very poisoned).

Vanquished Creatures
  6 yaks
  A steam dragon (D:7)
  A sky beast (D:5)
  3 orc warriors
  An ice beast (D:7)
  5 ogres
  A centaur (D:6)
  A phantom (D:5)
  A gnoll sergeant (D:6)
  A kobold brigand (D:6)
  4 bullfrogs
  A scorpion (D:6)
  A wyvern skeleton (D:6)
  4 killer bees (D:6)
  A howler monkey (D:5)
  A centaur zombie (D:3)
  A bullfrog skeleton (D:5)
  2 hounds (D:5)
  3 orc priests
  2 centaur skeletons (D:7)
  3 jellies
  Jessica (D:3)
  An iguana (D:4)
  Natasha (thrice) (D:4)
  5 orc wizards
  2 hound zombies (D:5)
  7 gnolls
  A howler monkey skeleton (D:5)
  A howler monkey zombie (D:7)
  2 adders
  2 shadow imps
  2 white imps
  3 dart slugs
  18 orcs
  4 ball pythons
  8 endoplasms
  A giant cockroach (D:3)
  5 goblins
  7 hobgoblins
  9 jackals
  4 kobolds
  4 quokkas
  3 bats (D:1)
  3 frilled lizards
  A goblin skeleton (D:4)
  2 goblin zombies (D:4)
  3 hobgoblin zombies (D:4)
  2 kobold zombies (D:4)
  An orc skeleton (D:4)
149 creatures vanquished.

Vanquished Creatures (others)
  7 fungi (D:4)
  4 plants (D:4)
11 creatures vanquished.

Grand Total: 160 creatures vanquished

Notes
Turn   | Place    | Note
-------+----------+-------------------------------------------
     0 | D:1      | Ablot the Gnoll Warper began the quest for the Orb.
     0 | D:1      | Reached XP level 1. HP: 20/20 MP: 6/6
   195 | D:1      | Found Utuosynu's Jewellery Shoppe.
   215 | D:1      | Found Kagiqufy's Armour Shop.
   398 | D:1      | Reached XP level 2. HP: 26/26 MP: 7/7
   401 | D:1      | Learned a level 2 spell: Blink
   943 | D:1      | Reached XP level 3. HP: 31/31 MP: 9/9
  1003 | D:1      | Reached skill level 5 in Spellcasting
  1795 | D:2      | Reached skill level 1 in Invocations
  2017 | D:3      | Noticed Jessica
  2021 | D:3      | Killed Jessica
  2022 | D:3      | Reached skill level 1 in Short Blades
  2022 | D:3      | Reached skill level 1 in Long Blades
  2022 | D:3      | Reached skill level 1 in Axes
  2022 | D:3      | Reached skill level 1 in Maces & Flails
  2022 | D:3      | Reached skill level 1 in Staves
  2022 | D:3      | Reached skill level 1 in Slings
  2022 | D:3      | Reached skill level 1 in Bows
  2022 | D:3      | Reached skill level 1 in Crossbows
  2022 | D:3      | Reached skill level 1 in Stealth
  2022 | D:3      | Reached skill level 1 in Shields
  2022 | D:3      | Reached skill level 1 in Unarmed Combat
  2022 | D:3      | Reached skill level 1 in Evocations
  2022 | D:3      | Reached XP level 4. HP: 33/38 MP: 11/11
  2069 | D:3      | Noticed a bullfrog
  2073 | D:3      | Killed a bullfrog
  2074 | D:3      | Reached skill level 1 in Conjurations
  2074 | D:3      | Reached skill level 1 in Hexes
  2074 | D:3      | Reached skill level 1 in Summonings
  2074 | D:3      | Reached skill level 1 in Necromancy
  2074 | D:3      | Reached skill level 1 in Transmutations
  2074 | D:3      | Reached skill level 1 in Fire Magic
  2074 | D:3      | Reached skill level 1 in Ice Magic
  2074 | D:3      | Reached skill level 1 in Air Magic
  2074 | D:3      | Reached skill level 1 in Earth Magic
  2074 | D:3      | Reached skill level 1 in Poison Magic
  2074 | D:3      | Reached XP level 5. HP: 43/43 MP: 12/12
  2197 | D:3      | Learned a level 2 spell: Poisonous Vapours
  2412 | D:3      | Found a faded altar of an unknown god.
  2873 | D:4      | Noticed Natasha
  2881 | D:4      | Reached XP level 6. HP: 45/50 MP: 13/13
  2946 | D:3      | Reached skill level 5 in Fighting
  2946 | D:3      | Reached skill level 5 in Polearms
  2946 | D:3      | Reached skill level 5 in Dodging
  3364 | D:4      | Killed Natasha
  3447 | D:4      | Found a hazy altar of Hepliaklqana.
  3471 | D:4      | Found Xoboazig's Armour Shoppe.
  3513 | D:4      | Found a blossoming altar of Fedhas.
  3600 | D:4      | Noticed Natasha
  3609 | D:4      | Killed Natasha
  3674 | D:4      | Found a glowing golden altar of the Shining One.
  3708 | D:4      | Reached XP level 7. HP: 56/56 MP: 15/15
  3953 | D:4      | Noticed Natasha
  3957 | D:4      | Killed Natasha
  4018 | D:4      | Found a staircase to the Ecumenical Temple.
  4025 | Temple   | Entered the Ecumenical Temple
  4091 | Temple   | Became a worshipper of Warmaster Okawaru
  4284 | D:5      | Entered Level 5 of the Dungeon
  4736 | D:5      | Reached * piety under Okawaru
  4737 | D:5      | Reached XP level 8. HP: 27/63 MP: 16/16
  5159 | D:5      | Noticed a yak
  5159 | D:5      | Noticed a yak
  5161 | D:5      | Noticed a yak
  5163 | D:5      | Noticed a yak
  5165 | D:5      | Noticed a yak
  5166 | D:5      | Noticed a yak
  5191 | D:5      | Killed a yak
  5192 | D:5      | Reached skill level 6 in Spellcasting
  5499 | D:4      | Killed a yak
  5509 | D:4      | HP: 2/64 [yak (11)]
  5514 | D:4      | Killed a yak
  5514 | D:4      | Reached ** piety under Okawaru
  6222 | D:5      | Killed a yak
  6271 | D:5      | Killed a yak
  6272 | D:5      | Reached XP level 9. HP: 25/69 MP: 11/18
  7278 | D:6      | Reached skill level 5 in Throwing
  7278 | D:6      | Reached skill level 5 in Armour
  7480 | D:6      | Found a glowing silver altar of Zin.
  7542 | D:6      | Reached *** piety under Okawaru
  8381 | D:7      | Reached skill level 5 in Invocations
  8543 | D:7      | Learned a level 1 spell: Freeze
  8833 | D:7      | Reached skill level 7 in Spellcasting
  8989 | D:7      | Reached XP level 10. HP: 26/77 MP: 20/20
  9377 | D:7      | Received a gift from Okawaru
  9725 | D:7      | Noticed Joseph
  9739 | D:7      | Slain by Joseph

Illustrated notes

Levels and vault maps discovered:
D:1:      dpeg_chamrin_arrival_tetris, layout_basic, serial_shops, shop, shop,
          kennysheep_nondescript
D:2:      layout_basic
D:3:      layout_loops_ring, shapermc_ecumenical_altar_mp_vishouse, uniq_jessica
D:4:      mumra_celtic_spiral_tile, layout_rooms, mainiacjoe_overflow_alcove_4,
          nicolae_tso_besieged_by_evil, mainiacjoe_overflow_boulevard,
          temple_green, serial_shops, kennysheep_mini_moat, uniq_natasha
D:5:      layout_cave_pools
D:6:      layout_basic, lemuel_crystal_altar, amcnicky_mini_corridor_feature,
          st_stairs_7, kennysheep_generic_room_12
D:7:      layout_loops_corners, due_unseen_surprise, uniq_joseph
Temple:   nicolae_temple_god_jail

Skill      XL: |  1  2  3  4  5  6  7  8  9 |
---------------+----------------------------+-----
Spellcasting   | 5 6 7 |  7.1
Invocations    | 1 2 3 4 5 |  5.4
Short Blades   | 1 2 3 4 |  4.9
Long Blades    | 1 2 3 4 |  4.9
Axes           | 1 2 3 4 |  4.9
Maces & Flails | 1 2 3 4 |  4.9
Staves         | 1 2 3 4 |  4.9
Slings         | 1 2 3 4 |  4.9
Bows           | 1 2 3 4 |  4.9
Crossbows      | 1 2 3 4 |  4.9
Stealth        | 1 2 3 4 |  4.9
Shields        | 1 2 3 4 |  4.9
Unarmed Combat | 1 2 3 4 |  4.9
Evocations     | 1 2 3 4 |  4.9
Conjurations   | 1 2 3 4 |  4.1
Hexes          | 1 2 3 4 |  4.1
Summonings     | 1 2 3 4 |  4.1
Necromancy     | 1 2 3 4 |  4.1
Transmutations | 1 2 3 4 |  4.1
Fire Magic     | 1 2 3 4 |  4.1
Ice Magic      | 1 2 3 4 |  4.1
Air Magic      | 1 2 3 4 |  4.1
Earth Magic    | 1 2 3 4 |  4.1
Poison Magic   | 1 2 3 4 |  4.1
Throwing       | 3 4 5 |  5.6
Armour         | 3 4 5 |  5.6
Fighting       | 5 6 |  6.8
Polearms       | 5 6 |  6.8
Dodging        | 5 6 |  6.8
Translocations | 6 |  6.9

Action                   |  1- 3 |  4- 6 |  7- 9 | 10-12 || total
-------------------------+-------+-------+-------+-------++-------
Melee: Spear             |    77 |   108 |       |       ||   185
       Bite              |     3 |     8 |    29 |     4 ||    44
       Punch             |     1 |     2 |    10 |     4 ||    17
       Trident           |       |    27 |   276 |    50 ||   353
 Fire: Hunting sling     |       |       |    36 |       ||    36
Throw: Boomerang         |       |     5 |    11 |       ||    16
       Dart              |       |       |    24 |     7 ||    31
 Cast: Poisonous Vapours |       |     5 |    14 |       ||    19
       Blink             |       |     3 |    17 |       ||    20
Invok: Heroism           |       |       |     1 |       ||     1
  Use: Scroll            |       |       |     7 |       ||     7
       Potion            |       |       |       |     2 ||     2
 Stab: Sleeping          |     3 |     4 |     5 |     1 ||    13
Armor: Leather armour    |     7 |    28 |    59 |     6 ||   100
       Ring mail         |       |       |       |     6 ||     6
Dodge: Dodged            |    30 |    47 |   152 |    27 ||   256
